 Dungeon Crawl Stone Soup version 0.30.1-1-g62c8e00024 (webtiles) character file.

Game seed: 8574149338643379150

167 Gorgoleon the Slasher (level 5, 0/41 HPs)
             Began as a Merfolk Gladiator on July 18, 2023.
             Slain by Grinder (5 damage)
             ... while paralysed by Grinder
             ... on level 3 of the Dungeon.
             The game lasted 00:08:55 (2318 turns).

Gorgoleon the Slasher (Merfolk Gladiator)           Turns: 2318, Time: 00:08:57

Health: 0/41       AC:  5    Str: 15    XL:     5   Next: 48%
Magic:  5/5        EV:  2    Int:  7    God:
Gold:   91         SH:  0    Dex: 17    Spells: 4/4 levels left

rFire   . . .        a - +0 long sword
rCold   . . .        u - +0 kite shield
rNeg    . . .        b - +0 leather armour
rPois   .            c - +0 helmet
rElec   .            k - +0 cloak
rCorr   .            (no gloves)
SInv    .            (no boots)
Will    .....        (no amulet)
Stlth   +            (no ring)
HPRegen 0.26/turn    (no ring)
MPRegen 0.09/turn

%: no passive effects
@: paralysed, attractive
A: (nimble swimmer 2), mertail
a: no special abilities


You were on level 3 of the Dungeon.
You visited 1 branch of the dungeon, and saw 3 of its levels.

You collected 91 gold pieces.

Inventory:

Hand Weapons
 a - a +0 long sword (weapon)
Missiles
 n - 27 stones (quivered)
Armour
 b - a +0 leather armour (worn)
 c - a +0 helmet (worn)
 k - a +0 cloak (worn)
 u - a +0 kite shield (worn)
Magical Staves
 i - a staff of cold
Jewellery
 r - an amulet of faith
Scrolls
 h - 5 scrolls of identify {unknown}
 j - a scroll of enchant weapon {unknown}
 l - 2 scrolls of magic mapping {unknown}
 o - a scroll of poison {unknown}
 s - 2 scrolls of noise {unknown}
 w - a scroll of fog {unknown}
Potions
 f - 2 potions of attraction
 g - a potion of berserk rage {unknown}
 m - 3 potions of resistance {unknown}
 p - a potion of degeneration {unknown}
 q - a potion of curing
 v - a potion of heal wounds {unknown}
 x - a potion of haste {unknown}


   Skills:
 - Level 3.0 Fighting
 + Level 5.7 Long Blades
 - Level 2.0 Throwing
 - Level 2.0 Armour
 - Level 4.0 Dodging
 * Level 0.2 Shields


You had 4 spell levels left.
You didn't know any spells.
Your spell library contained the following spells:

 Spells                   Type           Power      Damage    Failure   Level
 Portal Projectile        Hex/Tloc       0%         N/A       99%         3
 Tukima's Dance           Hex            0%         N/A       99%         3
 Blade Hands              Tmut           0%         N/A       100%        5


Dungeon Overview and Level Annotations

Branches:
Dungeon (3/15)

Altars:

Annotations:
D:3 Grinder


Innate Abilities, Weirdness & Mutations

((You are very nimble when in or above water. (Stealth+, EV+, Speed+++)))
Your lower body shifts to a powerful aquatic tail in water.


Message History

You throw a throwing net. The throwing net hits Grinder.
Grinder is caught in the net!
Grinder is heavily wounded.
Grinder struggles against the net.
Grinder blinks!
Aiming: Quicksilver Bolt
Press: ? - help, Shift-Dir - straight line, f/p - Grinder
Aim: Grinder (heavily wounded, 68% to hit)
The bolt of dispelling energy hits Grinder!
Grinder is almost dead.
The now-empty wand crumbles to dust.
You aren't carrying any items that you can evoke.
Okay, then.
Grinder gestures at you.
You barely resist. Grinder gestures at you. Pain shoots through your body!
* * * LOW HITPOINT WARNING * * *
You see here a throwing net.
It was a potion of attraction.
You feel attractive to monsters.
Grinder drinks a potion.
Grinder is healed!
Grinder is attracted toward you.
You feel better.
You hit Grinder.
Grinder is severely wounded.
You block Grinder's attack.
You hit Grinder.
Grinder is severely wounded.
Grinder hits you!
* * * LOW HITPOINT WARNING * * *
You writhe in agony.
* * * LOW HITPOINT WARNING * * *
You feel better.
Grinder blinks!
You completely miss Grinder.
Grinder is severely wounded.
Grinder gestures at you.
You suddenly lose the ability to move!
Grinder hits you!
* * * LOW HITPOINT WARNING * * *
You writhe in agony.
You die...

####
###)#.###.##.##.
... .###...#.#
#.##.##.
#........###.#
#.......
#.#####..# #.#
####.##. #.#
#..###.######.##.
#.#
#........5.......
#.#
#..###.######.##.
#<#####.(# #.#
#.... #..(.ยง@5.#
#.# ####.
########.# #.# #.
#.###.#########.
#....)..........
######.#########
#.# #.# #.# #>.


You could see Grinder.

Vanquished Creatures
  A scorpion (D:2)
  6 adders
  A worm (D:2)
  2 ball pythons
  5 bats
  5 endoplasms
  A giant cockroach (D:1)
  3 goblins
  5 hobgoblins
  4 jackals (D:1)
  2 quokkas
  4 frilled lizards (D:1)
  8 kobolds
  6 rats
53 creatures vanquished.

Notes
Turn   | Place    | Note
-------+----------+-------------------------------------------
     0 | D:1      | Gorgoleon the Merfolk Gladiator began the quest for the
                  | Orb.
     0 | D:1      | Reached XP level 1. HP: 16/16 MP: 1/1
   178 | D:1      | Reached XP level 2. HP: 23/23 MP: 2/2
   292 | D:1      | Reached skill level 4 in Long Blades
   293 | D:1      | Found a faded altar of an unknown god.
   561 | D:1      | Reached XP level 3. HP: 22/28 MP: 3/3
   960 | D:2      | Reached skill level 1 in Armour
   988 | D:2      | Reached XP level 4. HP: 33/35 MP: 4/4
  1149 | D:2      | Reached skill level 5 in Long Blades
  1235 | D:2      | Noticed a scorpion
  1263 | D:2      | Killed a scorpion
  1264 | D:2      | Reached XP level 5. HP: 16/41 MP: 5/5
  1675 | D:3      | Noticed Grinder
  2318 | D:3      | Paralysed by Grinder for 3 turns
  2318 | D:3      | Slain by Grinder

Illustrated notes

Levels and vault maps discovered:
D:1:      evilmike_arrival_crescent, layout_rooms,
          shapermc_ecumenical_altar_mp_ritualfount
D:2:      minmay_angry_zag, layout_rooms
D:3:      layout_loops_ring, uniq_grinder

Skill      XL: |  1  2  3  4  5 |
---------------+----------------+-----
Long Blades    | 4 5 |  5.7
Armour         | 1 2 |  2.0
Fighting       | 3 |  3.0
Throwing       | |  2.0
Dodging        | |  4.0
Shields        | |  0.2

Action                     |  1- 3 |  4- 6 || total
---------------------------+-------+-------++-------
  Melee: Long sword        |   104 |   103 ||   207
         Punch             |       |     1 ||     1
  Throw: Stone             |     1 |     3 ||     4
         Throwing net      |       |     3 ||     3
         Javelin           |       |     2 ||     2
  Evoke: Wand              |       |     1 ||     1
    Use: Potion            |       |     3 ||     3
   Stab: Held in net/web   |       |     1 ||     1
         Sleeping          |       |     1 ||     1
 Armour: Leather armour    |    44 |    27 ||    71
  Dodge: Dodged            |   104 |    66 ||   170
  Block: Kite shield       |       |    18 ||    18
